 Dungeon Crawl Stone Soup version 0.29.1-2-gbd0b4ee654 (webtiles) character file.

Game seed: 15133990268231957188

1453 Testplay the Cleaver (level 8, -31/73 HPs)
             Began as a Minotaur Berserker on Nov 18, 2022.
             Was a Priest of Trog.
             Killed by an exploding iguana (36 damage)
             ... ignited by their inner flame
             ... on level 6 of the Dungeon.
             The game lasted 00:36:29 (5277 turns).

Testplay the Cleaver (Minotaur Berserker)           Turns: 5277, Time: 00:36:29

Health: -31/73     AC: 12    Str: 23    XL:     8   Next: 47%
Magic:  7/7        EV:  9    Int:  4    God:    Trog [***...]
Gold:   206        SH:  0    Dex: 17    Spells: 7/7 levels left

rFire   . . .      SeeInvis .   a - +0 hand axe
rCold   . . .      Faith    .   (no shield)
rNeg    . . .      Spirit   .   F - +0 chain mail
rPois   +          Reflect  .   (helmet restricted)
rElec   .          Harm     .   (no cloak)
rCorr   .          Rampage  .   N - +1 pair of gloves
Will    .....                   L - +0 pair of boots
Stlth   ..........              (no amulet)
HPRegen 0.22/turn               g - ring of poison resistance
MPRegen 0.10/turn               A - +6 ring of dexterity

@: about to teleport
A: horns 2, retaliatory headbutt
a: Renounce Religion, Berserk, Trog's Hand


You were on level 6 of the Dungeon.
You worshipped Trog.
Trog was most pleased with you.
You visited 2 branches of the dungeon, and saw 7 of its levels.

You collected 206 gold pieces.

Inventory:

Hand Weapons
 a - a +0 hand axe (weapon)
 c - a +0 short sword
 d - a +0 club
 f - a +0 dagger
 h - a +0 short sword
 i - a +0 dagger
 m - a +0 dagger
 n - a +0 club
 t - a +0 dagger
 u - a +0 dagger
 x - a +0 short sword
 y - a +0 rapier
 E - a +0 rapier
 G - a +0 dagger
 H - a +0 dagger
 M - a +0 sling
 Q - a +0 shortbow
 V - a +0 falchion
Missiles
 k - 9 poisoned darts (quivered)
 o - a throwing net
 P - 20 stones
Armour
 b - a +0 animal skin
 e - a +0 robe
 j - a +0 leather armour
 v - a +0 pair of boots
 C - a +0 ring mail
 F - a +0 chain mail (worn)
 J - a +0 helmet
 L - a +0 pair of boots (worn)
 N - a +1 pair of gloves (worn)
 U - a +3 leather armour of cold resistance
Jewellery
 g - a ring of poison resistance (left hand)
 A - a +6 ring of dexterity (right hand)
Wands
 B - a wand of acid (8)
Scrolls
 w - 2 scrolls of immolation
 D - 2 scrolls of identify
 R - 2 scrolls of enchant weapon {unknown}
 T - a scroll of butterflies {unknown}
Potions
 l - 2 potions of might {unknown}
 p - a potion of ambrosia {unknown}
 q - a potion of haste {unknown}
 s - a potion of attraction {unknown}
 z - 3 potions of heal wounds {unknown}
 K - 4 potions of curing {unknown}
 S - a potion of flight {unknown}


   Skills:
 - Level 7.1 Fighting
 + Level 11.0 Axes
 - Level 3.4 Armour
 - Level 3.0 Dodging
 - Level 0.5 Stealth


You had 7 spell levels left.
You didn't know any spells.
Your spell library contained the following spells:

 Spells                   Type           Power      Damage    Failure   Level
 Ensorcelled Hibernation  Hex/Ice        0%         N/A       100%        2
 Conjure Flame            Conj/Fire      0%         6-21      100%        3
 Ignite Poison            Fire/Tmut/Pois 0%         N/A       100%        3
 Mephitic Cloud           Conj/Pois/Air  0%         N/A       100%        3
 Spider Form              Tmut/Pois      0%         N/A       100%        3
 Anguish                  Hex/Necr       0%         N/A       100%        4
 Fulminant Prism          Conj/Hex       0%         3d6       100%        4
 Iskenderun's Mystic Bla  Conj/Tloc      0%         2d3       100%        4
 Sticky Flame             Conj/Fire      0%         2d3       100%        4
 Alistair's Intoxication  Tmut/Pois      0%         N/A       100%        5
 Lee's Rapid Deconstruct  Erth           0%         3d5*      100%        5
 Necromutation            Tmut/Necr      0%         N/A       100%        8


Dungeon Overview and Level Annotations

Branches:
Dungeon (6/15)             Temple (1/1) D:4

Altars:
Cheibriados
Gozag
Hepliaklqana
Makhleb
Okawaru
Qazlal
Trog
Uskayaw
Wu Jian
Yredelemnul
The Shining One


Innate Abilities, Weirdness & Mutations

You have a pair of horns on your head.
You reflexively headbutt those who attack you in melee.


Message History

You barely miss the orc warrior. Your headbutt misses the orc warrior.
The orc warrior is moderately wounded.
The iguana bites you.
The orc warrior hits you with a +0 flail!
The orc closely misses you.
The orc warrior hits you with a +0 flail!
The iguana attacks as you move away! The iguana completely misses you.
The orc warrior attacks as you move away!
The orc warrior closely misses you.
You hit the iguana but do no damage. The iguana bites you.
* * * LOW HITPOINT WARNING * * *
You hit the iguana but do no damage. Your headbutt misses the iguana.
The iguana bites you!
* * * LOW HITPOINT WARNING * * *
As you read the scroll labelled SIVAMA UL WOE, it crumbles to dust.
The creatures around you are filled with an inner flame!
It was a scroll of immolation.
The iguana barely misses you.
As you read the scroll labelled JIOMUU MOUTUE, it crumbles to dust.
You feel aware of your surroundings.
It was a scroll of magic mapping.
The iguana bites you.
* * * LOW HITPOINT WARNING * * *
As you read the scroll of teleportation, it crumbles to dust.
You feel strangely unstable. The iguana bites you.
* * * LOW HITPOINT WARNING * * *
As you read the scroll labelled PYZARHUOKLY, it crumbles to dust.
Your body is wracked with pain!
* * * LOW HITPOINT WARNING * * *
The orc warrior convulses!
The iguana convulses!
Flame seeps out of the iguana.
The orc convulses!
Flame seeps out of the orc.
It was a scroll of torment.
The orc is engulfed in blazing flames.
Trog accepts your kill.
The orc explodes!
The fiery explosion engulfs the iguana!!
Trog accepts your kill.
The iguana explodes!
The fiery explosion engulfs the orc warrior!!
You kill the orc warrior!
Trog accepts your kill. The fiery explosion engulfs you!!!
You die...

,,,..).....,...,,,,,#.# #.
**##.......,#.#***#,#.# #. *
##.........# #.#.# #.
*****.#####.#.#####.#.##########.
,,,,,.####.......................
***,*.#.....#.#####.#.###########
*,*,..[......○§.#,#.#
#############.#○§.#.#.#
..............§§@.#.#.###########
.........#.##.###.#..............
.........'............##########.
.........#.#...............<...#.
.........#.#....#.############.#.
....######.#..#.#.# *,#.
..............#.#.#***** *,#.
##########.####.#.#,,,,* *,#.
,,,,,,,,,*,*,,,,*,*,**,* *,#.


There were no monsters in sight!

Vanquished Creatures
  3 yaks (D:6)
  Eustachio (D:6)
  A water moccasin (D:5)
  A black bear (D:6)
  An orc warrior (D:6)
  A centaur (D:5)
  A scorpion (D:6)
  A hound (D:5)
  A jelly (D:5)
  2 orc priests (D:4)
  6 iguanas
  6 orc wizards
  3 gnolls (D:5)
  4 adders
  A shadow imp (D:6)
  An ufetubus (D:4)
  A worm (D:6)
  2 dart slugs
  11 orcs
  4 endoplasms
  5 giant cockroaches (D:1)
  7 goblins
  4 hobgoblins
  8 jackals
  6 kobolds
  3 quokkas
  2 ball pythons (D:1)
  7 bats
  3 rats (D:1)
97 creatures vanquished.

Notes
Turn   | Place    | Note
-------+----------+-------------------------------------------
     0 | D:1      | Testplay the Minotaur Berserker began the quest for the
                  | Orb.
     0 | D:1      | Reached XP level 1. HP: 19/19 MP: 0/0
   226 | D:1      | Reached XP level 2. HP: 27/27 MP: 1/1
   262 | D:1      | Reached skill level 4 in Axes
   715 | D:1      | Reached ** piety under Trog
   816 | D:1      | Reached XP level 3. HP: 31/33 MP: 2/2
  1066 | D:2      | Found a faded altar of an unknown god.
  1991 | D:3      | Reached XP level 4. HP: 40/41 MP: 3/3
  2006 | D:3      | Reached skill level 5 in Axes
  2011 | D:3      | Got Sif Muna's Compendium of Macabre Poison
  2201 | D:3      | Found a glowing golden altar of the Shining One.
  2511 | D:4      | Found a staircase to the Ecumenical Temple.
  2767 | D:4      | Reached XP level 5. HP: 18/47 MP: 4/4
  2772 | D:4      | HP: 2/47 [orc priest/divine providence (12)]
  3283 | Temple   | Entered the Ecumenical Temple
  3339 | D:5      | Entered Level 5 of the Dungeon
  3386 | D:5      | Reached skill level 5 in Fighting
  3445 | D:5      | Noticed a centaur
  3460 | D:5      | Killed a centaur
  3461 | D:5      | Reached XP level 6. HP: 52/57 MP: 5/5
  3788 | D:5      | Noticed a water moccasin
  3798 | D:5      | Killed a water moccasin
  3799 | D:5      | Reached skill level 6 in Axes
  3799 | D:5      | Reached XP level 7. HP: 33/66 MP: 6/6
  4048 | D:5      | Reached *** piety under Trog
  4049 | D:5      | Reached skill level 7 in Axes
  4306 | D:6      | Noticed Eustachio
  4363 | D:6      | Reached skill level 8 in Axes
  4507 | D:6      | Killed Eustachio
  4660 | D:6      | Noticed a yak
  4661 | D:6      | Noticed a yak
  4662 | D:6      | Noticed a yak
  4683 | D:6      | Killed a yak
  4684 | D:6      | Reached skill level 9 in Axes
  4684 | D:6      | Reached XP level 8. HP: 23/73 MP: 7/7
  5021 | D:6      | Found a snail-covered altar of Cheibriados.
  5093 | D:6      | Reached skill level 10 in Axes
  5220 | D:6      | Reached skill level 11 in Axes
  5277 | D:6      | Killed by an exploding iguana... ignited by their inner
                  | flame

Illustrated notes

Levels and vault maps discovered:
D:1:      lemuel_arrival_broad_hall, layout_loops_corners
D:2:      layout_basic, chequers_ecumenical_altar_simple
D:3:      layout_rooms, nicolae_tso_swordbearing_angel, minmay_checkerbox
D:4:      layout_loops_ring, minmay_temple_entry_waves
D:5:      layout_loops_cross
D:6:      layout_basic, slow_altar_2, abandoned_shop, uniq_eustachio
Temple:   nicolae_temple_cloud_nine

Skill      XL: |  1  2  3  4  5  6  7  8 |
---------------+-------------------------+-----
Fighting       | 4 6 7 |  7.1
Axes           | 4 5 6 9 11 | 11.0
Armour         | 3 |  3.4
Dodging        | 3 |  3.0
Stealth        | |  0.5

Action                   |  1- 3 |  4- 6 |  7- 9 || total
-------------------------+-------+-------+-------++-------
Melee: Hand axe          |    98 |   100 |   133 ||   331
       Headbutt          |    14 |    22 |    29 ||    65
       Punch             |     1 |       |       ||     1
       Sling             |       |     2 |       ||     2
Throw: Dart              |       |     1 |       ||     1
  Use: Scroll            |       |     2 |     8 ||    10
Armor: Animal skin       |     2 |       |       ||     2
       Leather armour    |    16 |       |       ||    16
       Ring mail         |     8 |       |       ||     8
       Chain mail        |     2 |    51 |    45 ||    98
Dodge: Dodged            |    63 |    41 |    37 ||   141
